Map: Lerilak Crest

Players

DarkShade - Winner!

  • Race: Zerg Zerg
  • League: Grandmaster

SticklerMac

  • Race: Zerg Zerg
  • League: Bronze

VOD

Have the link to the VOD?

Description

Time

  • Played on: July 23, 2015, 12:29 a.m.
  • Length: 5:20
Show
View Real Time Build Order
Export as new Build Order

DarkShade Zerg - Winner!

Build Orders: Hatch First 

Get SALT Encoding   

  12  0:02  Drone  
  13  0:12  Overlord  
  13  0:21  Drone  
  14  0:32  Drone  
  14  0:33  Drone  
  14  0:34  Drone  
  17  0:47  Drone  
  18  0:59  Drone  
  18  1:03  Hatchery  
  18  1:13  Spawning Pool  
  17  1:18  Drone  
  17  1:20  Drone, Extractor  
  18  1:33  Drone  
  18  1:39  Overlord  
  19  1:50  Drone  
  20  1:59  Queen  
  22  2:07  Zergling x2  
  23  2:16  Queen  
  23  2:18  Drone x2  
  27  2:44  Roach Warren, Drone  
  27  2:45  Drone x4  
  31  3:10  Overlord x3  
  30  3:21  Overlord  
  30  3:22  Overlord  
  30  3:30  Roach x3  
  30  3:31  Roach x2  
  40  3:36  Roach  
  42  3:45  Roach x2  
  46  3:50  Hatchery  
  45  4:00  Drone  
  45  4:02  Roach x4  
  54  4:03  Roach  
  56  4:12  Overlord x2  
  56  4:26  Roach  
  56  4:27  Roach x3  
  64  4:44  Roach  
  64  4:45  Roach  
Show
View Real Time Build Order
Export as new Build Order

SticklerMac Zerg 

Build Orders: 3 Hatch before Pool 

Get SALT Encoding   

  12  0:01  Drone  
  13  0:08  Drone  
  14  0:34  Hatchery  
  13  0:56  Drone  
  14  1:05  Hatchery  
  14  1:10  Drone  
  14  1:24  Spawning Pool  
  13  1:31  Overlord  
  13  1:37  Drone  
  14  1:43  Overlord  
  14  1:50  Drone  
  14  1:51  Drone  
  16  1:57  Drone, Extractor  
  16  2:02  Drone  
  16  2:05  Drone  
  18  2:17  Queen  
  20  2:27  Queen  
  22  2:38  Queen  
  22  2:42  Drone  
  25  2:45  Drone  
  25  2:50  Drone  
  27  3:00  Metabolic Boost  
  27  3:01  Drone  
  27  3:03  Drone  
  28  3:07  Drone  
  29  3:25  Queen  
  29  3:27  Queen  
  31  3:29  Zergling x2  
  31  3:30  Zergling x2  
  31  3:32  Zergling x2  
  36  3:40  Queen  
  38  3:43  Drone  
  38  3:45  Drone  
  38  3:48  Zergling x2  
  41  3:56  Zergling x2  
  42  4:03  Overlord  
  42  4:04  Overlord  
  42  4:11  Overlord  
  42  4:12  Overlord  
  42  4:22  Evolution Chamber, Drone  
  42  4:23  Evolution Chamber  
  41  4:24  Drone  
  40  4:32  Zergling x6  
  40  4:36  Zergling x2  
  38  4:42  Zergling x4  
  38  4:43  Zergling x2  
  38  4:45  Zergling x2  
  41  4:52  Zergling x6  
  44  5:02  Zergling x2  
  44  5:03  Zergling x2  
Tags
 
Add a new tag
Caveats
  • Supply blocks, unpowered buildings, or Contaminate may cause inaccurate times.
  • Supply counts are checked every 10 seconds.